 Dungeon Crawl Stone Soup version 0.19-a0-1827-g174f941 (webtiles) character file.

264 varam the Sneak (level 6, -1/39 HPs)
             Began as an Octopode Assassin on Oct 7, 2016.
             Was an Initiate of Gozag.
             Slain by an adder (3 damage)
             ... on level 5 of the Dungeon.
             The game lasted 00:13:12 (4424 turns).

varam the Sneak (Octopode Assassin)                 Turns: 4424, Time: 00:13:13

Health: -1/39      AC:  1    Str: 10    XL:     6   Next: 19%
Magic:  6/6        EV: 13    Int: 14    God:    Gozag
Gold:   296        SH:  0    Dex: 15    Spells: 0 memorised, 5 levels left

rFire  + . .     SeeInvis .     q - +0 mace (curse)
rCold  . . .     Gourm    .     (no shield)
rNeg   . . .     Faith    .     (helmet restricted)
rPois  .         Spirit   .     h - amulet of rage
rElec  .         Dismiss  .     r - ring of protection from fire
rCorr  .         Reflect  .     g - ring of loudness (curse)
MR     .....     Harm     .     (no ring)
Stlth  ++++......               (no ring)
                                (no ring)
                                (no ring)
                                (no ring)
                                (no ring)

@: no status effects
A: almost no armour, stealthy swim, amphibious, 8 rings, constrict 8, camouflage
1, gelatinous body 1
a: Potion Petition, Call Merchant, Bribe Branch, Renounce Religion, Evoke
Berserk Rage


You were on level 5 of the Dungeon.
You worshipped Gozag.
Gozag was aware of your devotion.
You were not hungry.

You visited 1 branch of the dungeon, and saw 5 of its levels.

You collected 325 gold pieces.
You paid 29 gold pieces to Gozag.

Inventory:

Hand Weapons
 a - a +2 dagger
 b - a +0 blowgun
 k - a cursed -3 hunting sling
 q - a cursed +0 mace (weapon)
Missiles
 c - 21 poisoned needles
 d - 2 curare-tipped needles
 p - 218 stones (quivered)
Jewellery
 g - a cursed ring of loudness (right tentacle)
 h - an amulet of rage (around mantle)
 r - a ring of protection from fire (left tentacle)
Scrolls
 n - a scroll of blinking
Potions
 e - a potion of magic {unknown}
 i - a potion of heal wounds {unknown}
 l - a potion of curing {unknown}
 m - 2 potions of lignification
 o - 2 potions of brilliance {unknown}
Comestibles
 f - 5 bread rations
 j - 3 meat rations


   Skills:
 - Level 2.0 Fighting
 + Level 3.8 Short Blades
 - Level 2.0 Throwing
 - Level 1.0 Dodging
 + Level 7.4 Stealth
 + Level 3.1 Unarmed Combat


You had 5 spell levels left.
You didn't know any spells.

Dungeon Overview and Level Annotations

Branches:
Dungeon (5/15)
 Temple: D:4-7

Altars:
Elyvilon
Gozag
Nemelex Xobeh

Shops:
D:4 (


Innate Abilities, Weirdness & Mutations

You cannot wear most types of armour.
You are very stealthy in the water. (Stealth+)
You are amphibious.
You can wear up to eight rings at the same time.
You can use your tentacles to constrict eight enemies at once.
Your skin changes colour to match your surroundings (Stealth+).
Your rubbery body absorbs attacks. (AC +1, EV +1)


Message History

The orc wizard looks braver for a moment.
The orc wizard points at you and mumbles some strange words.
The puff of frost hits you! The adder bites you.
* * * LOW HITPOINT WARNING * * *
You barely miss the adder. Your grab misses the adder.
Your squeeze misses the adder. The adder barely misses you.
The adder bites you.
* * * LOW HITPOINT WARNING * * *
You barely miss the adder. Your grab misses the adder. The adder bites you.
* * * LOW HITPOINT WARNING * * *
The adder bites you.
* * * LOW HITPOINT WARNING * * *
You miss the adder. Your grab misses the adder. The adder barely misses you.
The adder bites you.
* * * LOW HITPOINT WARNING * * *
You hit the adder. You grab the adder.
The adder is heavily wounded.
You constrict the adder. The adder bites you.
You die...
Your body crumbles into a pile of gold.

........# #.#
######..# #.# #..# #.#
#..# #.# #..# #.#
#.######### #.#
#........(# #.#
#.......o.######.##
.....#######oS@.......
#.##(.# #.#########
#..# #.# #..# #.# ....
#.# ##.. #.# #.# $ $
#.


You could see an orc priest, an orc wizard and an adder.

Vanquished Creatures
  A bullfrog zombie (D:5)
  A hound (D:4)
  An orc priest (D:3)
  4 gnolls
  5 adders
  3 worms
  3 dart slugs
  3 leopard geckos (D:2)
  7 orcs (D:3)
  6 bats
  4 giant cockroaches
  7 goblins
  6 hobgoblins
  3 jackals (D:1)
  A quokka (D:3)
  A ball python (D:1)
  8 frilled lizards
  4 kobolds
  7 rats
75 creatures vanquished.

Notes
Turn   | Place    | Note
-------+----------+-------------------------------------------
     0 | D:1      | varam the Octopode Assassin began the quest for the Orb.
     0 | D:1      | Reached XP level 1. HP: 14/14 MP: 1/1
   139 | D:1      | Reached XP level 2. HP: 19/19 MP: 2/2
   314 | D:1      | Reached skill level 1 in Unarmed Combat
   660 | D:1      | Reached XP level 3. HP: 24/24 MP: 3/3
  1626 | D:2      | Reached skill level 6 in Stealth
  1905 | D:2      | Reached XP level 4. HP: 29/29 MP: 4/4
  2283 | D:2      | Found an opulent altar of Gozag.
  2283 | D:2      | Found a sparkling altar of Nemelex Xobeh.
  2290 | D:2      | Became a worshipper of Gozag Ym Sagoz the Greedy
  3033 | D:3      | Reached XP level 5. HP: 33/34 MP: 5/5
  3243 | D:3      | Found a white marble altar of Elyvilon.
  3444 | D:3      | Reached skill level 7 in Stealth
  3992 | D:4      | Found Bunapryokhli's Antique Weapon Shoppe.
  4060 | D:4      | Noticed a black bear
  4080 | D:4      | Reached XP level 6. HP: 22/39 MP: 6/6
  4234 | D:5      | Entered Level 5 of the Dungeon
  4424 | D:5      | Slain by an adder

Vault maps used:
D:1:      minmay_arrival_diagonal_passages, kennysheep_nondescript,
          minmay_lizard_pond
D:2:      grunt_temple_overflow_opulence
D:3:      elyvilon_altar_3
D:4:      black_bear_nest_1, serial_shops, nicolae_shop_crystal, uniq_duvessa
D:5:      first_bread

Skill      XL: |  1  2  3  4  5 |
---------------+----------------+-----
Unarmed Combat | 1 2 3 |  3.1
Stealth        | 6 7 |  7.4
Short Blades   | 3 |  3.8
Fighting       | |  2.0
Throwing       | |  2.0
Dodging        | |  1.0

Action                   |  1- 3 |  4- 6 || total
-------------------------+-------+-------++-------
Melee: Dagger            |    50 |       ||    50
       Constrict         |    23 |    26 ||    49
       Tentacles         |     8 |    17 ||    25
       Mace              |    27 |    92 ||   119
       Punch             |       |     1 ||     1
Throw: Stone             |     7 |     3 ||    10
Invok: Potion Petition   |       |     1 ||     1
  Use: Scroll            |     3 |     5 ||     8
 Stab: Sleeping          |    13 |     6 ||    19
       Distracted        |       |     2 ||     2
  Eat: Chunk             |     3 |     3 ||     6
       Bread ration      |       |     1 ||     1
       Pizza             |       |     1 ||     1
Armor: Skin              |     1 |     5 ||     6
Dodge: Dodged            |    36 |    54 ||    90
